 Dungeon Crawl Stone Soup version 0.25.1-9-gc5326a611f (webtiles) character file.

Game seed: 8411904302248356586

25 stebl the Cudgeler (level 2, -8/22 HPs)
             Began as a Demonspawn Gladiator on Dec 23, 2020.
             Splashed by a jelly's acid (10 damage)
             ... on level 2 of the Dungeon.
             The game lasted 00:07:52 (1756 turns).

stebl the Cudgeler (Demonspawn Gladiator)           Turns: 1756, Time: 00:07:55

Health: -8/22      AC:  2    Str: 14    XL:     2   Next: 82%
Magic:  2/2        EV:  8    Int:  9    God:
Gold:   86         SH:  7    Dex: 14    Spells: 1/1 levels left

rFire    . . .     SeeInvis .   a - +0 flail
rCold    . . .     Gourm    .   g - +0 kite shield
rNeg     . . .     Faith    .   u - +0 ring mail (curse)
rPois    .         Spirit   .   c - +0 helmet
rElec    .         Reflect  .   (no cloak)
rCorr    .         Harm     .   (no gloves)
MR       .....                  (no boots)
Stlth    ++........             (no amulet)
HPRegen  0.07/turn              (no ring)
MPRegen  0.08/turn              (no ring)

@: corroded
A: nightstalker 1
a: no special abilities


You were on level 2 of the Dungeon.
You were hungry.

You visited 1 branch of the dungeon, and saw 2 of its levels.

You collected 86 gold pieces.


Innate Abilities, Weirdness & Mutations

You are slightly more attuned to the shadows.


   Skills:
 - Level 2.0 Fighting
 * Level 3.7 Maces & Flails
 - Level 1.7 Throwing
 - Level 2.6 Dodging


You had one spell level left.
You didn't know any spells.
Your spell library was empty.

Inventory:

Hand Weapons
 a - a +0 flail (weapon)
 b - a +0 hunting sling
Missiles
 d - 3 throwing nets {=f}
 h - 113 stones (quivered)
Armour
 c - a +0 helmet (worn)
 g - a +0 kite shield (worn)
 u - a cursed +0 ring mail (worn)
Jewellery
 i - a cursed ring of attention {unknown}
Scrolls
 e - 2 scrolls of identify {unknown}
 j - a scroll of enchant armour {unknown}
 l - a scroll of immolation {unknown}
 m - 2 scrolls of noise {unknown}
 o - a scroll of fog {unknown}
 q - a scroll of remove curse {unknown}
 r - a scroll of enchant weapon {unknown}
 t - a scroll of blinking {unknown}
 v - a scroll of fear {unknown}
Potions
 k - a potion of mutation {unknown}
 n - a potion of degeneration {unknown}
 p - a potion of curing {unknown}
Comestibles
 f - 5 rations {@e1}
 s - a chunk of flesh

Dungeon Overview and Level Annotations

Branches:
Dungeon (2/15)

Altars:
Nemelex Xobeh

Annotations:
D:2 exclusion: adder

##........#######....
##.......# ####. ##
##.###### #. #.░ .#.#
#. ..░ .#.# #.
░.░.#.# #. #░░.##.#
#. #░.░░.#.# #.
#.░.░.#@# #.
#.░░J.#J# ##
##.░░##.# ##.##..#
#....## ######


You could see a jelly.


Message History

h - 112 stones (gained 1)
h - 113 stones (gained 1)
Found 8 gold pieces.
You are feeling hungry.
You now have 86 gold pieces (gained 8).
A jelly comes into view.
The helpless jelly fails to defend itself.
You sock the jelly! The acid corrodes you!
Your hands burn!
The jelly is heavily wounded.
The jelly barely misses you.
Your shield prevents you from hitting the jelly.
The jelly is heavily wounded.
The jelly closely misses you. The jelly hits you.
You are splashed with acid!
* * * LOW HITPOINT WARNING * * *
The jelly jiggles.
You are no longer corroded.
Your shield prevents you from hitting the jelly.
The jelly is heavily wounded.
The jelly barely misses you.
You hit the jelly but do no damage.
Your hands burn!
* * * LOW HITPOINT WARNING * * *
The jelly is heavily wounded.
The jelly barely misses you.
You hit the jelly.
Your hands burn!
* * * LOW HITPOINT WARNING * * *
The jelly is heavily wounded.
The jelly hits you.
* * * LOW HITPOINT WARNING * * *
The acid corrodes you!
You are splashed with acid!
You die...

Skill      XL: |  1 |
---------------+----+-----
Maces & Flails | 3 |  3.7
Fighting       | |  2.0
Throwing       | |  1.7
Dodging        | |  2.6

Action                   || total
-------------------------++-------
Melee: Flail             ||    68
Throw: Stone             ||     9
 Stab: Sleeping          ||     4
  Eat: Chunk             ||     2
Armor: Leather armour    ||    20
       Ring mail         ||     6
Dodge: Dodged            ||    39
Block: Kite shield       ||    30

Levels and vault maps discovered:
D:1:      co_arrival_random_square_maze, layout_rooms,
          nemelex_xobeh_ov_fountains_minmay
D:2:      layout_basic, marbit_many_paths

Notes
Turn   | Place    | Note
-------+----------+-------------------------------------------
     0 | D:1      | stebl the Demonspawn Gladiator began the quest for the Orb.
     0 | D:1      | Reached XP level 1. HP: 16/16 MP: 1/1
   256 | D:1      | Reached skill level 3 in Maces & Flails
   720 | D:1      | Found a sparkling altar of Nemelex Xobeh.
   727 | D:1      | Gained mutation: You are slightly more attuned to the
                  | shadows. [demonic ancestry]
   727 | D:1      | Reached XP level 2. HP: 22/22 MP: 2/2
  1756 | D:2      | HP: 2/22 [jelly (1)]
  1756 | D:2      | Splashed by a jelly's acid

Vanquished Creatures
  A dart slug (D:2)
  4 bats
  3 goblins (D:2)
  5 hobgoblins
  A frilled lizard (D:1)
  2 kobolds (D:2)
  5 rats
21 creatures vanquished.

Table legend:
 A = Turns spent in this place as a percentage of turns spent in the entire game.
 B = Non-inter-level travel turns spent in this place as a percentage of non-inter-level travel turns spent in the entire game.
 C = Inter-level travel turns spent in this place as a percentage of turns spent in this place.
 D = Turns resting spent in this place as a percentage of non-inter-level travel turns spent in this place.
 E = Turns spent auto-exploring this place as a percentage of non-inter-level travel turns spent in this place.
 F = Non-inter-level travel turns spent in this place divided by the number of levels of this place that you've seen.
                   A       B       C       D       E      F
               +-------+-------+-------+-------+-------+----------------------
         Total | 100.0 | 100.0 |   3.4 |  17.9 |  49.5 | 848.0
       Dungeon | 100.0 | 100.0 |   3.4 |  17.9 |  49.5 | 848.0
               +-------+-------+-------+-------+-------+----------------------

Table legend:
 A = Non-vault XP
 B = Vault XP
 C = Vault XP percentage of total XP
 D = Non-vault monster count
 E = Vault monster count
 F = Vault count percentage of total count
                 A         B        C        D         E       F
            +---------+---------+-------+---------+---------+-------
      Total |      36 |       0 |   0.0 |      21 |       0 |   0.0
            +---------+---------+-------+---------+---------+-------
        D:1 |      13 |       0 |   0.0 |       8 |       0 |   0.0
        D:2 |      23 |       0 |   0.0 |      13 |       0 |   0.0
            +---------+---------+-------+---------+---------+-------
